 Dungeon Crawl Stone Soup version 0.31.0-11-ge490571c62 (webtiles) character file.

Game seed: 10920241392511422802

41 qw the Shooter (level 3, -11/18 HPs)
             Began as a Spriggan Hunter on Feb 3, 2024.
             Killed by divine providence
             ... invoked by an orc priest
              (15 damage)
             ... on level 2 of the Dungeon.
             The game lasted 00:00:23 (1375 turns).

qw the Shooter (Spriggan Hunter)                    Turns: 1375, Time: 00:00:24

Health: -11/18     AC:  2    Str:  7    XL:     3   Next: 32%
Magic:  4/4        EV: 19    Int: 10    God:
Gold:   116        SH:  0    Dex: 20    Spells: 2/2 levels left

rFire   . . .        a - +2 shortbow (flame)
rCold   . . .        (shield currently unavailable)
rNeg    . . .        c - +0 robe
rPois   .            (helmet restricted)
rElec   .            (no cloak)
rCorr   .            (gloves unavailable)
SInv    +            (boots unavailable)
Will    .....        (no amulet)
Stlth   ++           (no ring)
HPRegen 0.23/turn    (no ring)
MPRegen 0.09/turn

%: no passive effects
@: very quick
A: very small, no large weapons, unfitting armour, see invisible, speed 3
a: no special abilities


You were on level 2 of the Dungeon.
You visited 1 branch of the dungeon, and saw 3 of its levels.

You collected 116 gold pieces.


Innate Abilities, Weirdness & Mutations

You are very small and have problems with some larger weapons.
You are too small for most types of armour.
You have supernaturally acute eyesight. (SInv)
You cover ground extremely quickly. (Speed+++)


   Skills:
 - Level 1.5 Fighting
 + Level 4.6 Ranged Weapons
 - Level 4.0 Dodging
 - Level 1.5 Stealth


You had 2 spell levels left.
You didn't know any spells.
Your spell library was empty.

Inventory:

Hand Weapons
 a - a +2 shortbow of flaming (weapon)
Armour
 c - a +0 robe (worn)
Potions
 g - a potion of lignification {unknown}
 l - a potion of curing {unknown}

Dungeon Overview and Level Annotations

Branches:
Dungeon (3/15)

Altars:


Message History

1365 ||| STAIRDANCE The giant cockroach misses you.
The giant cockroach closely misses you.
You climb upwards.
There is a stone staircase leading down here.
You shoot an arrow. The arrow hits the giant cockroach.
The arrow burns the giant cockroach.
You kill the giant cockroach!
You climb downwards.
The orc closely misses you.
The kobold throws a stone.
The stone completely misses you.
The stone closely misses the ball python.
The ball python closely misses you. The ball python completely misses you.
The orc barely misses you. The ball python closely misses you.
The ball python completely misses you.
There is a stone staircase leading up here.
1370 ||| STAIRDANCE The orc hits you with a +0 hand axe.
The orc closely misses you. The ball python misses you.
The ball python grabs you.
You stop ascending the stairs.
The ball python constricts you.
You shoot an arrow.
The arrow closely misses the ball python.
The ball python bites you but does no damage.
The ball python constricts you.
The orc priest looks braver for a moment.
The orc hits you but does no damage. The orc misses you.
You shoot an arrow. The arrow hits the ball python.
The arrow burns the ball python.
You kill the ball python!
The orc completely misses you. The orc closely misses you.
1373 ||| STAIRDANCE The orc priest hits you with a +0 mace.
The orc hits you with a +0 hand axe. The orc completely misses you.
You climb upwards.
There is a stone staircase leading down here.
You shoot an arrow.
The arrow hits the orc priest but does no damage.
The orc hits you with a +0 whip.
The orc priest invokes the aid of Beogh against you.
Beogh smites you!
Ouch! That really hurt!
You die...

..................#
######.#..........#
.......#..........#
##..##.#..........#
#<..#..#..........#
#...####.####'###.#
#......#.# #.....#
#####.##.# ###oo##
.......#.# ##@#
#####..#.# #o#
.......#.# #.#
######.#.# #.#
.......#.# #.#
.........# #.#
################.#
.................#
##################


You could see an orc priest and 2 orcs.

Vanquished Creatures
  A gnoll (D:1)
  An orc (D:2)
  4 endoplasms
  3 giant cockroaches
  2 goblins (D:1)
  2 hobgoblins
  4 quokkas
  3 ball pythons
  A bat (D:1)
  A frilled lizard (D:1)
  3 kobolds
  2 rats (D:1)
27 creatures vanquished.

Notes
Turn   | Place    | Note
-------+----------+-------------------------------------------
     0 | D:1      | qw the Spriggan Hunter began the quest for the Orb.
     0 | D:1      | Reached XP level 1. HP: 10/10 MP: 2/2
     0 | D:1      | 0 ||| qw: Version: 0.3-a-155-g5e7d8dd
     0 | D:1      | 0 ||| qw: Game counter: 3540
     0 | D:1      | 0 ||| qw: Melee chars always use a shield: true
     0 | D:1      | 0 ||| qw: God list: Okawaru
     0 | D:1      | 0 ||| qw: Allow faded altars: false
     0 | D:1      | 0 ||| qw: Do Orc after clearing Dungeon:15 true
     0 | D:1      | 0 ||| qw: Do second Lair branch before Depths: true
     0 | D:1      | 0 ||| qw: Lair rune preference: random
     0 | D:1      | 0 ||| qw: Goals: Normal
     0 | D:1      | 0 ||| PLANNING D:1-11
    37 | D:1      | Reached skill level 3 in Dodging
   132 | D:1      | Reached XP level 2. HP: 14/14 MP: 3/3
   500 | D:1      | 500 ||| READING scroll labelled DUMUUT YXYUC.
   501 | D:1      | 501 ||| READING 2 scrolls labelled WOHIYH TASUOS.
   501 | D:1      | 501 ||| ENCHANTING +0 shortbow.
   502 | D:1      | 502 ||| READING scroll of enchant weapon.
   502 | D:1      | 502 ||| ENCHANTING +1 shortbow.
   503 | D:1      | 503 ||| READING scroll labelled MUTIMUFAEC.
   503 | D:1      | 503 ||| IDENTIFYING black potion
   504 | D:1      | 504 ||| READING scroll labelled ZIMUGA ABASOU.
   605 | D:1      | 605 ||| READING scroll labelled YFEDIETOWN.
   606 | D:1      | 606 ||| READING scroll labelled NYKHLI BEQU.
   606 | D:1      | 606 ||| BRANDING +2 shortbow.
   607 | D:1      | 607 ||| DROPPING scroll of butterflies.
   608 | D:1      | 608 ||| DROPPING potion of brilliance.
   640 | D:1      | Reached XP level 3. HP: 18/18 MP: 4/4
  1289 | D:2      | 1289 ||| READING scroll labelled VAAGUFEABO.
  1344 | D:3      | 1344 ||| STAIRDANCE
  1365 | D:3      | 1365 ||| STAIRDANCE
  1370 | D:3      | 1370 ||| STAIRDANCE
  1373 | D:3      | 1373 ||| STAIRDANCE
  1375 | D:2      | HP: 4/18 [orc/+0 whip (3)]
  1375 | D:2      | Killed from afar by an orc priest

Levels and vault maps discovered:
D:1:      minmay_arrival_three_doors, layout_rooms, bh_walls_and_bars
D:2:      layout_basic
D:3:      layout_rooms, interstate_on_off, hellmonk_no_cap

Skill      XL: |  1  2 |
---------------+-------+-----
Dodging        | 3 4 |  4.0
Fighting       | |  1.5
Ranged Weapons | |  4.6
Stealth        | |  1.5

Action                     || total
---------------------------++-------
   Fire: Shortbow          ||    64
    Use: Scroll            ||     8
 Armour: Robe              ||    10
  Dodge: Dodged            ||    24

Table legend:
 A = Non-vault XP
 B = Vault XP
 C = Vault XP percentage of total XP
 D = Non-vault monster count
 E = Vault monster count
 F = Vault count percentage of total count
                 A         B        C        D         E       F
            +---------+---------+-------+---------+---------+-------
      Total |      59 |       0 |   0.0 |      27 |       0 |   0.0
            +---------+---------+-------+---------+---------+-------
        D:1 |      41 |       0 |   0.0 |      18 |       0 |   0.0
        D:2 |      17 |       0 |   0.0 |       8 |       0 |   0.0
        D:3 |       1 |       0 |   0.0 |       1 |       0 |   0.0
            +---------+---------+-------+---------+---------+-------
